 Dungeon Crawl Stone Soup version 0.23.2 (webtiles) character file.

Game seed: 13134030600450254265

788 redwoodhats the Insei (level 7, -2/33 HPs)
             Began as a Vine Stalker Transmuter on Apr 11, 2019.
             Slain by a centaur zombie (5 damage)
             ... on level 5 of the Dungeon.
             The game lasted 00:19:10 (4568 turns).

redwoodhats the Insei (Vine Stalker Transmuter)     Turns: 4568, Time: 00:19:11

Health: -2/33      AC:  2    Str: 12    XL:     7   Next: 87%
Magic:  0/14       EV: 13    Int: 14    God:
Gold:   298        SH:  0    Dex: 16    Spells: 9/15 levels left

rFire    + . .     SeeInvis +     - Unarmed
rCold    + . .     Gourm    .   (no shield)
rNeg     . . .     Faith    .   b - +0 robe
rPois    +         Spirit   +   (no helmet)
rElec    +         Reflect  .   (no cloak)
rCorr    +         Harm     .   (no gloves)
MR       .....                  (no boots)
Stlth    ++........             (no amulet)
HPRegen  0.51/turn              e - ring of see invisible
MPRegen  0.14/turn              (no ring)

@: about to teleport, resistant, slowed, very slow
A: fangs 2, regeneration 1, magic shield, antimagic bite, no potion heal 3, rot
immunity
a: no special abilities


You were on level 5 of the Dungeon.
You were not hungry.

You visited 1 branch of the dungeon, and saw 5 of its levels.

You collected 298 gold pieces.

Inventory:

Hand Weapons
 f - a +0 blowgun
 j - a cursed -2 dagger
Missiles
 a - 56 arrows
 h - 64 poisoned needles
Armour
 b - a +0 robe (worn)
 g - a +0 helmet
Jewellery
 e - a ring of see invisible (left hand)
 p - a +3 ring of evasion {unknown}
Scrolls
 c - 6 scrolls of identify
 i - 2 scrolls of noise
 k - 3 scrolls of remove curse
 l - 4 scrolls of immolation {unknown}
 n - a scroll of fear {unknown}
Potions
 o - a potion of cancellation
Comestibles
 d - 7 rations


   Skills:
 + Level 1.3 Fighting
 + Level 2.9 Dodging
 + Level 1.7 Stealth
 + Level 5.6 Unarmed Combat
 + Level 4.6 Spellcasting
 + Level 4.1 Transmutations
 + Level 1.6 Poison Magic


You had 9 spell levels left.
You knew the following spells:

 Your Spells              Type           Power        Failure   Level  Hunger
a - Beastly Appendage     Tmut           ##....       3%          1    None
b - Spider Form           Tmut/Pois      ##........   17%         3    ###....
c - Sticks to Snakes      Tmut           ##......     4%          2    ##.....

Your spell library contained the following spells:

 Spells                   Type           Power        Failure   Level  Hunger
 Confusing Touch          Hex            #.....       19%         1    None
 Confuse                  Hex            #.......     50%         3    ###....
 Gell's Gravitas          Tloc           #.........   50%         3    ###....
 Ice Form                 Ice/Tmut       #.......     61%         4    ####...
 Petrify                  Tmut/Erth      #.......     61%         4    ####...
 Blade Hands              Tmut           ##........   67%         5    ######.
 Yara's Violent Unravell  Hex/Tmut       #.........   91%         5    ######.
 Metabolic Englaciation   Hex/Ice        #.........   99%         5    ######.


Dungeon Overview and Level Annotations

Branches:
Dungeon (5/15)
 Temple: D:4-7

Altars:
Ashenzari
Fedhas
Gozag
Ru
Yredelemnul


Innate Abilities, Weirdness & Mutations

You have extremely sharp teeth.
Your natural rate of healing is unusually fast.
When hurt, damage is shared between your health and your magic reserves.
Your bite disrupts and absorbs the magic of your enemies.
Potions cannot restore your health.
You are immune to rotting.


Message History

Your +0 robe unmelds from your body.
The centaur zombie hits you but does no damage.
The orc wizard barely misses you.
Casting: Spider Form (safe; 17% risk of failure)
Confirm with . or Enter, or press ? or * to list all spells.
You don't have enough magic to cast that spell.
Casting: Spider Form (safe; 17% risk of failure)
Confirm with . or Enter, or press ? or * to list all spells.
You don't have enough magic to cast that spell.
Okay, then.
As you read the scroll of teleportation, it crumbles to dust.
You feel strangely unstable. The centaur zombie hits you!
* * * LOW HITPOINT WARNING * * *
The centaur zombie hits you but does no damage.
The orc wizard gestures wildly while chanting.
The orc wizard blinks!
The orc wizard misses you.
The orc wizard mumbles some strange words.
The orc wizard blinks!
The centaur zombie hits you.
You die...

#.... #....# ###...)
######....# #......
#.....$...# #......
#...>..... #......
#.o...... #).....
#....... ###.#.#
#......# ### #.#.#
#.....@###.########.#.#
#....§oZ.).............
#......###.########.#.#
..?.....# #.# #.#..
....[.### #'# #.#..
...... ... #.#.. ......
..... #.#.. ......
oo....# ##### .....
..§....# #8..#


You could see 2 orc wizards and a centaur zombie.

Vanquished Creatures
  Eustachio (D:4)
  A sky beast (D:5)
  A centaur (D:4)
  2 orc priests
  A centaur skeleton (D:4)
  A hound (D:4)
  An orc wizard (D:4)
  An iguana (D:5)
  A worker ant (D:4)
  A hound skeleton (D:4)
  8 adders
  2 oozes
  2 worms (D:2)
  3 dart slugs
  2 leopard geckos (D:3)
  16 orcs
  7 bats
  2 giant cockroaches
  15 goblins
  8 hobgoblins
  8 jackals
  2 quokkas
  5 frilled lizards
  6 kobolds
  5 rats
102 creatures vanquished.

Vanquished Creatures (collateral kills)
  A crimson imp (D:5)
  A hound (D:5)
  A bullfrog skeleton (D:5)
  A shadow imp (D:5)
  An orc (D:2)
  A giant cockroach (D:5)
  A hobgoblin (D:2)
  2 kobolds
  A ball python (D:3)
10 creatures vanquished.

Vanquished Creatures (others)
  A fungus (D:3)
1 creature vanquished.

Grand Total: 113 creatures vanquished

Notes
Turn   | Place    | Note
-------+----------+-------------------------------------------
     0 | D:1      | redwoodhats the Vine Stalker Transmuter began the quest for
                  | the Orb.
     0 | D:1      | Reached XP level 1. HP: 9/9 MP: 4/4
   355 | D:1      | Reached XP level 2. HP: 13/14 MP: 4/6
   657 | D:1      | Reached XP level 3. HP: 17/17 MP: 5/7
   780 | D:1      | Learned a level 3 spell: Spider Form
   783 | D:1      | Learned a level 2 spell: Sticks to Snakes
   855 | D:2      | Found a shattered altar of Ashenzari.
  1551 | D:2      | Gained mutation: Your natural rate of healing is unusually
                  | fast. [Vine Stalker growth]
  1551 | D:2      | Reached XP level 4. HP: 13/21 MP: 3/9
  1588 | D:2      | Found a faded altar of an unknown god.
  1830 | D:2      | Reached skill level 4 in Unarmed Combat
  2370 | D:3      | Found a sacrificial altar of Ru.
  2473 | D:3      | Reached XP level 5. HP: 21/25 MP: 2/10
  2757 | D:3      | Found a blossoming altar of Fedhas.
  2898 | D:3      | Reached skill level 1 in Fighting
  3255 | D:4      | Reached skill level 1 in Stealth
  3281 | D:4      | Reached XP level 6. HP: 14/30 MP: 2/12
  3441 | D:4      | Found a basalt altar of Yredelemnul.
  3460 | D:4      | Reached skill level 1 in Poison Magic
  3544 | D:4      | Noticed Eustachio
  3569 | D:4      | Killed Eustachio
  3569 | D:4      | Reached skill level 5 in Unarmed Combat
  3569 | D:4      | Reached XP level 7. HP: 31/33 MP: 6/13
  3956 | D:5      | Entered Level 5 of the Dungeon
  3957 | D:5      | Found an opulent altar of Gozag.
  4568 | D:5      | Slain by a centaur zombie

Skill      XL: |  1  2  3  4  5  6  7 |
---------------+----------------------+-----
Unarmed Combat | 4 5 |  5.6
Dodging        | 2 |  2.9
Spellcasting   | 3 4 |  4.6
Fighting       | 1 |  1.3
Transmutations | 3 4 |  4.1
Stealth        | 1 |  1.7
Poison Magic   | 1 |  1.6

Action                   |  1- 3 |  4- 6 |  7- 9 || total
-------------------------+-------+-------+-------++-------
Melee: Unarmed           |    79 |   173 |    40 ||   292
       Bite              |    10 |    21 |       ||    31
       Kick              |    10 |     7 |       ||    17
       Headbutt          |     1 |       |       ||     1
       Punch             |     1 |       |       ||     1
 Cast: Beastly Appendage |    12 |     2 |       ||    14
       Spider Form       |     4 |    16 |     8 ||    28
       Sticks to Snakes  |     1 |     4 |    11 ||    16
  Use: Potion            |     2 |     5 |     2 ||     9
       Scroll            |     2 |     3 |     4 ||     9
 Stab: Sleeping          |       |     1 |     1 ||     2
       Distracted        |       |     1 |       ||     1
  Eat: Ration            |     1 |     3 |     1 ||     5
Armor: Robe              |    10 |    25 |     2 ||    37
       Skin              |     3 |    11 |     4 ||    18
Dodge: Dodged            |    55 |   181 |    49 ||   285
